Map: 트로피컬 새크리파이스

Players

NightMare

  • Race: Protoss Protoss
  • Spawn Location: 7:00

Kelazhur - Winner!

  • Race: Terran Terran
  • Spawn Location: 1:00

Event: DreamHack SC2 Masters 2022 Atlanta (Offline)

VOD

Have the link to the VOD?

Description

Time

  • Played on: Nov. 18, 2022, 10:30 a.m.
  • Length: 11:32

All games in this series

Show
View Real Time Build Order
Export as new Build Order

NightMare Protoss 

Build Orders: Blink Stalkers, Colossus Rush 

Get SALT Encoding   

  12  0:00  Probe  
  13  0:12  Probe  
  14  0:18  Pylon  
  14  0:24  Probe (Chrono Boost)  
  15  0:37  Probe (Chrono Boost), Gateway  
  16  0:45  Probe (Chrono Boost)  
  16  0:49  Assimilator  
  17  0:51  Probe  
  18  1:03  Probe  
  19  1:15  Probe  
  20  1:24  Cybernetics Core  
  20  1:25  Zealot  
  22  1:32  Probe  
  23  1:33  Pylon  
  23  1:35  Assimilator  
  23  1:51  Probe  
  24  2:01  Stalker (Chrono Boost)  
  24  2:02  Warp Gate  
  24  2:03  Probe  
  28  2:15  Probe  
  28  2:17  Pylon  
  28  2:24  Stalker  
  28  2:28  Probe  
  31  2:43  Nexus  
  31  2:49  Twilight Council, Probe  
  32  2:55  Stalker (Chrono Boost)  
  34  3:01  Probe  
  35  3:09  Pylon  
  35  3:13  Probe  
  36  3:21  Blink (Chrono Boost)  
  36  3:26  Probe  
  37  3:38  Probe  
  36  3:44  Gateway  
  36  3:47  Gateway  
  34  3:50  Probe  
  35  3:58  Stalker  
  37  4:04  Shield Battery, Probe  
  37  4:06  Probe  
  39  4:15  Robotics Facility  
  40  4:17  Probe  
  40  4:18  Probe  
  40  4:23  Stalker  
  42  4:32  Probe (Chrono Boost)  
  42  4:33  Probe (Chrono Boost)  
  44  4:42  Sentry  
  44  4:44  Probe (Chrono Boost)  
  48  4:49  Probe (Chrono Boost)  
  48  4:50  Probe (Chrono Boost)  
  49  4:55  Nexus  
  49  4:56  Probe  
  50  5:00  Probe  
  50  5:01  Pylon  
  50  5:05  Warp Prism (Chrono Boost)  
  53  5:14  Robotics Bay  
  53  5:16  Probe  
  53  5:18  Probe  
  55  5:23  Assimilator  
  55  5:24  Stalker  
  57  5:29  Probe  
  57  5:30  Probe, Assimilator  
  57  5:33  Charge  
  57  5:34  Observer  
  60  5:41  Probe  
  60  5:42  Probe  
  62  5:50  Pylon  
  62  5:53  Probe  
  62  5:54  Probe  
  64  5:58  Colossus (Chrono Boost)  
  64  5:59  Extended Thermal Lance  
  70  6:07  Gateway  
  70  6:09  Gateway  
  70  6:10  Probe x2  
  72  6:11  Probe  
  71  6:22  Stalker x2  
  67  6:26  Shield Battery, Stalker  
  71  6:35  Shield Battery  
  71  6:37  Pylon  
  68  6:40  Gateway  
  68  6:41  Colossus (Chrono Boost)  
  74  6:50  Zealot x2  
  74  6:52  Stalker  
  76  7:09  Zealot x2  
  76  7:11  Stalker x2  
  76  7:15  Pylon  
  84  7:19  Pylon  
  84  7:20  Pylon  
  84  7:35  Colossus (Chrono Boost)  
  84  7:36  Pylon  
  84  7:42  Zealot x2  
  94  7:47  Zealot  
  94  7:48  Zealot x2  
  94  7:49  Zealot  
  92  7:53  Pylon  
  92  8:06  Nexus  
  92  8:07  Pylon  
  88  8:16  Stalker x2  
  88  8:17  Stalker x2  
  94  8:25  Stalker x2  
  84  8:39  Templar Archives  
  82  8:41  Zealot x4  
  80  8:58  Probe x2  
  80  9:02  Shield Battery  
  80  9:05  Sentry  
  80  9:06  Observer (Chrono Boost)  
  80  9:08  Stalker x3  
  80  9:09  Stalker  
  91  9:19  Gateway  
  91  9:24  Gateway  
  87  9:31  Stalker x2  
  88  9:42  Zealot x2  
  88  9:54  Nexus  
  88  9:57  Pylon  
  88  10:05  Zealot  
  89  10:07  Zealot  
  89  10:13  Disruptor (Chrono Boost)  
  85  10:19  Sentry  
  85  10:20  Zealot  
  92  10:24  Shield Battery  
  92  10:26  Pylon  
  92  10:32  High Templar x2  
  96  10:38  Archon  
  96  10:41  Disruptor (Chrono Boost), Stalker  
  101  10:45  Pylon  
  101  10:47  Stalker x3  
  101  10:49  Zealot  
  109  10:52  Pylon  
  99  11:07  Zealot x3  
  99  11:11  Zealot x3  
  69  11:26  Stalker  
  69  11:28  Stalker x2  
Show
View Real Time Build Order
Export as new Build Order

Kelazhur Terran - Winner!

Build Orders: Cyclone Opening 

Get SALT Encoding   

  12  0:00  SCV  
  13  0:12  SCV  
  14  0:17  Supply Depot  
  14  0:24  SCV  
  15  0:28  Refinery  
  15  0:39  SCV  
  16  0:47  Barracks  
  16  0:51  SCV  
  17  1:03  SCV  
  18  1:07  Engineering Bay  
  18  1:15  SCV  
  19  1:33  Reaper, Orbital Command  
  20  1:48  Factory  
  20  2:00  Supply Depot  
  20  2:01  SCV  
  21  2:06  Barracks Reactor  
  21  2:13  SCV  
  22  2:26  Command Center  
  22  2:29  SCV  
  23  2:37  Factory Tech Lab  
  23  2:41  SCV  
  23  2:43  Marine  
  23  2:44  Marine  
  26  2:46  Supply Depot  
  26  2:49  Refinery  
  26  2:53  SCV  
  26  2:56  Cyclone  
  30  3:01  Marine  
  31  3:07  Marine  
  31  3:11  SCV  
  33  3:17  Barracks  
  33  3:20  Marine  
  33  3:23  SCV  
  33  3:25  Marine  
  36  3:30  Cyclone  
  39  3:37  SCV  
  39  3:38  Marine  
  41  3:43  Marine  
  42  3:51  SCV  
  43  3:56  Marine  
  43  4:01  Marine  
  43  4:02  Siege Tank  
  48  4:04  SCV  
  49  4:10  Orbital Command  
  49  4:14  Barracks Tech Lab  
  49  4:16  SCV  
  49  4:17  Barracks  
  50  4:28  SCV  
  50  4:31  Marine  
  51  4:34  Supply Depot, Siege Tank  
  51  4:39  Stimpack  
  51  4:41  SCV  
  51  4:44  SCV  
  53  4:46  Marine  
  54  4:56  Marauder, Marine  
  54  4:58  SCV  
  58  5:00  Supply Depot, SCV  
  58  5:05  Barracks Tech Lab  
  58  5:06  Marine  
  60  5:10  Supply Depot, SCV  
  61  5:14  SCV  
  61  5:18  Combat Shield  
  62  5:21  Marine  
  62  5:22  SCV, Marauder  
  62  5:26  Marauder  
  68  5:29  SCV  
  68  5:32  Starport  
  68  5:34  Factory Reactor  
  68  5:35  Marine  
  68  5:38  SCV  
  68  5:39  Marine  
  72  5:42  Engineering Bay  
  72  5:45  Refinery  
  72  5:49  Supply Depot  
  72  5:50  SCV  
  72  5:51  Marauder  
  72  5:53  SCV, Marauder  
  77  5:57  Marine  
  78  6:09  Supply Depot  
  78  6:10  SCV x2, Marine  
  81  6:21  Marauder x2, Marine  
  81  6:23  Supply Depot  
  86  6:30  SCV x2, Medivac, Marine  
  86  6:31  Medivac, Factory Reactor  
  86  6:32  Supply Depot  
  93  6:34  Concussive Shells  
  93  6:38  Supply Depot  
  93  6:42  SCV, Marine  
  93  6:45  SCV, Marauder x2  
  96  6:50  Supply Depot  
  96  6:51  Marine  
  97  6:54  SCV  
  97  6:57  SCV  
  99  7:06  Medivac x2, Marine  
  104  7:10  SCV  
  104  7:15  Marine  
  107  7:16  Marauder x2  
  107  7:17  Widow Mine  
  107  7:18  Widow Mine  
  107  7:19  Refinery  
  114  7:28  Marine  
  113  7:35  Supply Depot  
  113  7:37  Command Center  
  113  7:42  Marine  
  113  7:43  Marauder x2  
  118  7:46  Marine  
  118  7:50  Medivac x2  
  123  7:52  Widow Mine  
  123  7:56  Supply Depot  
  125  8:06  Barracks  
  125  8:07  Barracks, Marauder  
  113  8:23  Marauder, Marine x2  
  113  8:24  Widow Mine x2  
  109  8:28  Marauder  
  109  8:30  Viking  
  109  8:32  SCV x2  
  115  8:41  Viking  
  115  8:42  Terran Infantry Weapons Level 1  
  115  8:43  Marine  
  115  8:44  SCV  
  119  8:52  Marauder  
  112  8:56  SCV  
  112  8:57  Marauder, Marine  
  112  8:59  Barracks Tech Lab  
  112  9:00  Barracks Reactor, SCV  
  117  9:05  Widow Mine x2  
  117  9:08  SCV  
  122  9:14  Viking  
  122  9:15  Orbital Command  
  122  9:16  Marine  
  125  9:18  SCV  
  126  9:24  Armory  
  126  9:28  Marauder  
  128  9:33  Marine x2  
  128  9:34  Marauder  
  132  9:43  Marine x2  
  132  9:44  SCV  
  131  9:49  Marauder  
  131  9:51  Marine x2  
  131  9:52  Marauder  
  130  9:54  Viking x2  
  130  9:59  Marauder  
  136  10:01  Marine x2  
  136  10:02  Ghost Academy, SCV  
  136  10:03  Engineering Bay  
  139  10:12  Marine x2  
  139  10:13  Marauder x2  
  145  10:14  Refinery  
  145  10:15  Refinery  
  145  10:18  Marine  
  145  10:20  Widow Mine x2  
  150  10:23  Marine  
  150  10:24  Missile Turret  
  151  10:29  Supply Depot  
  151  10:30  Supply Depot  
  151  10:32  SCV x2  
  151  10:35  Medivac  
  153  10:39  Marine x2  
  153  10:42  Marine, Ghost  
  156  10:47  Supply Depot  
  156  10:50  Marine, Ghost x2  
  156  10:52  Medivac  
  152  11:07  Marine x2  
Tags
 
Add a new tag
Caveats
  • Supply blocks, unpowered buildings, or Contaminate may cause inaccurate times.
  • Supply counts are checked every 10 seconds.